 Dungeon Crawl Stone Soup version 0.22.0-32-gbc6daba (webtiles) character file.

7 Lew the Skirmisher (level 2, 25/29 HPs)
             Began as a Gnoll Abyssal Knight on Aug 23, 2018.
             Was a Follower of Lugonu.
             Quit the game on level 1 of the Dungeon.
             The game lasted 00:01:16 (330 turns).

Lew the Skirmisher (Gnoll Abyssal Knight)            Turns: 330, Time: 00:01:16

Health: 25/29      AC:  3    Str: 14    XL:     2   Next: 4%
Magic:  5/5        EV: 12    Int: 14    God:    Lugonu [*.....]
Gold:   26         SH:  0    Dex: 14    Spells: 1/1 levels left

rFire    . . .     SeeInvis .   a - +1 hand axe
rCold    . . .     Gourm    .   (no shield)
rNeg     . . .     Faith    .   b - +0 leather armour
rPois    .         Spirit   .   (no helmet)
rElec    .         Reflect  .   (no cloak)
rCorr    .         Harm     .   (no gloves)
MR       .....                  (no boots)
Stlth    +.........             (no amulet)
HPRegen  0.09/turn              (no ring)
MPRegen  0.09/turn              (no ring)

@: no status effects
A: distributed training, fangs 1, strong nose
a: Depart the Abyss, Renounce Religion


You were on level 1 of the Dungeon.
You worshipped Lugonu.
Lugonu was aware of your devotion.
You were not hungry.

You visited 1 branch of the dungeon, and saw 1 of its levels.
You visited the Abyss 1 time.

You collected 26 gold pieces.

Inventory:

Hand Weapons
 a - a +1 hand axe (weapon)
Armour
 b - a +0 leather armour (worn)
Scrolls
 d - a scroll of blinking {unknown}
 f - a scroll of identify {unknown}
Potions
 e - a potion of agility {unknown}
 g - a potion of might {unknown}
Comestibles
 c - a ration


   Skills:
 + Level 6.4 Fighting
 + Level 0.2 Short Blades
 + Level 0.2 Long Blades
 + Level 4.4 Axes
 + Level 0.2 Maces & Flails
 + Level 0.2 Polearms
 + Level 0.2 Staves
 + Level 0.2 Slings
 + Level 0.2 Bows
 + Level 0.2 Crossbows
 + Level 0.2 Throwing
 + Level 4.4 Armour
 + Level 2.4 Dodging
 + Level 0.2 Stealth
 + Level 0.2 Shields
 + Level 0.2 Unarmed Combat
 + Level 0.2 Spellcasting
 + Level 0.1 Conjurations
 + Level 0.1 Hexes
 + Level 0.1 Charms
 + Level 0.1 Summonings
 + Level 0.1 Necromancy
 + Level 0.1 Translocations
 + Level 0.1 Transmutations
 + Level 0.1 Fire Magic
 + Level 0.1 Ice Magic
 + Level 0.1 Air Magic
 + Level 0.1 Earth Magic
 + Level 0.1 Poison Magic
 + Level 4.4 Invocations
 + Level 0.2 Evocations


You had one spell level left.
You didn't know any spells.
Your spell library was empty.

Dungeon Overview and Level Annotations

Branches:
Dungeon (1/15)

Altars:


Innate Abilities, Weirdness & Mutations

Your experience applies equally to all skills.
You have very sharp teeth.
Your uncanny sense of smell can sniff out nearby items.


Message History

You kill the frilled lizard!
Lugonu accepts your kill.
f - a scroll labeled NUXYEQ GIADEST
g - a blue potion No target in view!
A kobold comes into view. It is wielding a dagger.
The kobold shouts!
A kobold is nearby!
The kobold throws a stone.
The stone barely misses you.
A kobold is nearby!
The kobold throws a stone.
The stone barely misses you.
A kobold is nearby!
A kobold is nearby!
You hit the kobold.
You kill the kobold!
Lugonu accepts your kill.
You can now depart the Abyss.
You have reached level 2!
Things that are here:
a dagger; a kobold corpse Are you sure you want to abandon this character and quit the game? (Confirm with "yes".)

##..# ######≈P#.P# #..##
####### #.## #### ##.#
### ...###..## #.#
##.#.....###.# #
#............########...
.#.#...................#
................@......#
...#.....#..#...#######.
#####.##..........#
.###.###.#((...#......
#.#.## #.##....$..##..
##.## #.###.####.# . ###
#.# #.# .# #.# #.. ..
#.# #### ##


There were no monsters in sight!

Vanquished Creatures
  A bat (D:1)
  2 goblins (D:1)
  2 kobolds (D:1)
  A frilled lizard (D:1)
6 creatures vanquished.

Notes
Turn   | Place    | Note
-------+----------+-------------------------------------------
     0 | Abyss:1  | Lew the Gnoll Abyssal Knight began the quest for the Orb.
     0 | Abyss:1  | Reached XP level 1. HP: 23/23 MP: 3/3
    99 | Abyss:1  | Noticed a fire dragon simulacrum
   144 | Abyss:1  | Noticed an ancient zyme
   148 | Abyss:1  | Noticed a large abomination
   149 | Abyss:1  | Noticed a ynoxinul
   153 | D:1      | Escaped the Abyss
   328 | D:1      | Reached * piety under Lugonu
   328 | D:1      | Reached XP level 2. HP: 25/29 MP: 5/5
   330 | D:1      | Quit the game

Action                   || total
-------------------------++-------
Melee: Hand axe          ||    13
Invok: Depart the Abyss  ||     1
  Use: Scroll            ||     2
       Potion            ||     1
Armor: Leather armour    ||     2
Dodge: Dodged            ||    14
